Workbook

Sheet Summary
A1: Lawn Care Expense Summary
A2: Calculated from entered expense records and editable assumptions.
A3: Report start | B3: =Assumptions!B3 | D3: Report end | E3: =Assumptions!E3
A5: Indicator | B5: Value
A6: Total expense | B6: =IF(OR($B$3="",$E$3="",$E$3<$B$3),"",IFERROR(SUMIFS(Expenses!$L$5:$L$104,Expenses!$A$5:$A$104,">="&$B$3,Expenses!$A$5:$A$104,"<="&$E$3),0))
A7: Paid expense | B7: =IF(OR($B$3="",$E$3="",$E$3<$B$3),"",IFERROR(SUMIFS(Expenses!$L$5:$L$104,Expenses!$A$5:$A$104,">="&$B$3,Expenses!$A$5:$A$104,"<="&$E$3,Expenses!$M$5:$M$104,"Paid"),0))
A8: Unpaid expense | B8: =IF(OR($B$3="",$E$3="",$E$3<$B$3),"",IFERROR(SUMIFS(Expenses!$L$5:$L$104,Expenses!$A$5:$A$104,">="&$B$3,Expenses!$A$5:$A$104,"<="&$E$3,Expenses!$M$5:$M$104,"Unpaid"),0))
A9: Expense entries | B9: =IF(OR($B$3="",$E$3="",$E$3<$B$3),"",COUNTIFS(Expenses!$A$5:$A$104,">="&$B$3,Expenses!$A$5:$A$104,"<="&$E$3,Expenses!$L$5:$L$104,"<>"))
A10: Average expense | B10: =IF(OR($B$9="",$B$9=0),"",IFERROR($B$6/$B$9,""))
A11: Missing receipts | B11: =IF(OR($B$3="",$E$3="",$E$3<$B$3),"",COUNTIFS(Expenses!$A$5:$A$104,">="&$B$3,Expenses!$A$5:$A$104,"<="&$E$3,Expenses!$N$5:$N$104,"No",Expenses!$L$5:$L$104,"<>"))
A12: Budget remaining | B12: =IF(OR($B$6="",SUM($C$16:$C$25)=0),"",IFERROR(SUM($C$16:$C$25)-$B$6,""))
A15: Category | B15: Period spend | C15: Period budget | D15: Budget check | F15: Month | G15: Expense
A16: =Assumptions!A6 | B16: =IF(OR($B$3="",$E$3="",$E$3<$B$3),"",IFERROR(SUMIFS(Expenses!$L$5:$L$104,Expenses!$D$5:$D$104,$A16,Expenses!$A$5:$A$104,">="&$B$3,Expenses!$A$5:$A$104,"<="&$E$3),0)) | C16: =IF(OR($B$3="",$E$3="",$E$3<$B$3),"",IFERROR(Assumptions!$B$6*((YEAR($E$3)-YEAR($B$3))*12+MONTH($E$3)-MONTH($B$3)+1),"")) | D16: =IF(OR(B16="",C16=""),"",IF(B16>C16,"Review","Within")) | F16: 46023 | G16: =IFERROR(SUMIFS(Expenses!$L$5:$L$104,Expenses!$A$5:$A$104,">="&F16,Expenses!$A$5:$A$104,"<"&DATE(YEAR(F16),MONTH(F16)+1,1)),0)
A17: =Assumptions!A7 | B17: =IF(OR($B$3="",$E$3="",$E$3<$B$3),"",IFERROR(SUMIFS(Expenses!$L$5:$L$104,Expenses!$D$5:$D$104,$A17,Expenses!$A$5:$A$104,">="&$B$3,Expenses!$A$5:$A$104,"<="&$E$3),0)) | C17: =IF(OR($B$3="",$E$3="",$E$3<$B$3),"",IFERROR(Assumptions!$B$7*((YEAR($E$3)-YEAR($B$3))*12+MONTH($E$3)-MONTH($B$3)+1),"")) | D17: =IF(OR(B17="",C17=""),"",IF(B17>C17,"Review","Within")) | F17: 46054 | G17: =IFERROR(SUMIFS(Expenses!$L$5:$L$104,Expenses!$A$5:$A$104,">="&F17,Expenses!$A$5:$A$104,"<"&DATE(YEAR(F17),MONTH(F17)+1,1)),0)
A18: =Assumptions!A8 | B18: =IF(OR($B$3="",$E$3="",$E$3<$B$3),"",IFERROR(SUMIFS(Expenses!$L$5:$L$104,Expenses!$D$5:$D$104,$A18,Expenses!$A$5:$A$104,">="&$B$3,Expenses!$A$5:$A$104,"<="&$E$3),0)) | C18: =IF(OR($B$3="",$E$3="",$E$3<$B$3),"",IFERROR(Assumptions!$B$8*((YEAR($E$3)-YEAR($B$3))*12+MONTH($E$3)-MONTH($B$3)+1),"")) | D18: =IF(OR(B18="",C18=""),"",IF(B18>C18,"Review","Within")) | F18: 46082 | G18: =IFERROR(SUMIFS(Expenses!$L$5:$L$104,Expenses!$A$5:$A$104,">="&F18,Expenses!$A$5:$A$104,"<"&DATE(YEAR(F18),MONTH(F18)+1,1)),0)
A19: =Assumptions!A9 | B19: =IF(OR($B$3="",$E$3="",$E$3<$B$3),"",IFERROR(SUMIFS(Expenses!$L$5:$L$104,Expenses!$D$5:$D$104,$A19,Expenses!$A$5:$A$104,">="&$B$3,Expenses!$A$5:$A$104,"<="&$E$3),0)) | C19: =IF(OR($B$3="",$E$3="",$E$3<$B$3),"",IFERROR(Assumptions!$B$9*((YEAR($E$3)-YEAR($B$3))*12+MONTH($E$3)-MONTH($B$3)+1),"")) | D19: =IF(OR(B19="",C19=""),"",IF(B19>C19,"Review","Within")) | F19: 46113 | G19: =IFERROR(SUMIFS(Expenses!$L$5:$L$104,Expenses!$A$5:$A$104,">="&F19,Expenses!$A$5:$A$104,"<"&DATE(YEAR(F19),MONTH(F19)+1,1)),0)
A20: =Assumptions!A10 | B20: =IF(OR($B$3="",$E$3="",$E$3<$B$3),"",IFERROR(SUMIFS(Expenses!$L$5:$L$104,Expenses!$D$5:$D$104,$A20,Expenses!$A$5:$A$104,">="&$B$3,Expenses!$A$5:$A$104,"<="&$E$3),0)) | C20: =IF(OR($B$3="",$E$3="",$E$3<$B$3),"",IFERROR(Assumptions!$B$10*((YEAR($E$3)-YEAR($B$3))*12+MONTH($E$3)-MONTH($B$3)+1),"")) | D20: =IF(OR(B20="",C20=""),"",IF(B20>C20,"Review","Within")) | F20: 46143 | G20: =IFERROR(SUMIFS(Expenses!$L$5:$L$104,Expenses!$A$5:$A$104,">="&F20,Expenses!$A$5:$A$104,"<"&DATE(YEAR(F20),MONTH(F20)+1,1)),0)
A21: =Assumptions!A11 | B21: =IF(OR($B$3="",$E$3="",$E$3<$B$3),"",IFERROR(SUMIFS(Expenses!$L$5:$L$104,Expenses!$D$5:$D$104,$A21,Expenses!$A$5:$A$104,">="&$B$3,Expenses!$A$5:$A$104,"<="&$E$3),0)) | C21: =IF(OR($B$3="",$E$3="",$E$3<$B$3),"",IFERROR(Assumptions!$B$11*((YEAR($E$3)-YEAR($B$3))*12+MONTH($E$3)-MONTH($B$3)+1),"")) | D21: =IF(OR(B21="",C21=""),"",IF(B21>C21,"Review","Within")) | F21: 46174 | G21: =IFERROR(SUMIFS(Expenses!$L$5:$L$104,Expenses!$A$5:$A$104,">="&F21,Expenses!$A$5:$A$104,"<"&DATE(YEAR(F21),MONTH(F21)+1,1)),0)
A22: =Assumptions!A12 | B22: =IF(OR($B$3="",$E$3="",$E$3<$B$3),"",IFERROR(SUMIFS(Expenses!$L$5:$L$104,Expenses!$D$5:$D$104,$A22,Expenses!$A$5:$A$104,">="&$B$3,Expenses!$A$5:$A$104,"<="&$E$3),0)) | C22: =IF(OR($B$3="",$E$3="",$E$3<$B$3),"",IFERROR(Assumptions!$B$12*((YEAR($E$3)-YEAR($B$3))*12+MONTH($E$3)-MONTH($B$3)+1),"")) | D22: =IF(OR(B22="",C22=""),"",IF(B22>C22,"Review","Within")) | F22: 46204 | G22: =IFERROR(SUMIFS(Expenses!$L$5:$L$104,Expenses!$A$5:$A$104,">="&F22,Expenses!$A$5:$A$104,"<"&DATE(YEAR(F22),MONTH(F22)+1,1)),0)
A23: =Assumptions!A13 | B23: =IF(OR($B$3="",$E$3="",$E$3<$B$3),"",IFERROR(SUMIFS(Expenses!$L$5:$L$104,Expenses!$D$5:$D$104,$A23,Expenses!$A$5:$A$104,">="&$B$3,Expenses!$A$5:$A$104,"<="&$E$3),0)) | C23: =IF(OR($B$3="",$E$3="",$E$3<$B$3),"",IFERROR(Assumptions!$B$13*((YEAR($E$3)-YEAR($B$3))*12+MONTH($E$3)-MONTH($B$3)+1),"")) | D23: =IF(OR(B23="",C23=""),"",IF(B23>C23,"Review","Within")) | F23: 46235 | G23: =IFERROR(SUMIFS(Expenses!$L$5:$L$104,Expenses!$A$5:$A$104,">="&F23,Expenses!$A$5:$A$104,"<"&DATE(YEAR(F23),MONTH(F23)+1,1)),0)
A24: =Assumptions!A14 | B24: =IF(OR($B$3="",$E$3="",$E$3<$B$3),"",IFERROR(SUMIFS(Expenses!$L$5:$L$104,Expenses!$D$5:$D$104,$A24,Expenses!$A$5:$A$104,">="&$B$3,Expenses!$A$5:$A$104,"<="&$E$3),0)) | C24: =IF(OR($B$3="",$E$3="",$E$3<$B$3),"",IFERROR(Assumptions!$B$14*((YEAR($E$3)-YEAR($B$3))*12+MONTH($E$3)-MONTH($B$3)+1),"")) | D24: =IF(OR(B24="",C24=""),"",IF(B24>C24,"Review","Within")) | F24: 46266 | G24: =IFERROR(SUMIFS(Expenses!$L$5:$L$104,Expenses!$A$5:$A$104,">="&F24,Expenses!$A$5:$A$104,"<"&DATE(YEAR(F24),MONTH(F24)+1,1)),0)
A25: =Assumptions!A15 | B25: =IF(OR($B$3="",$E$3="",$E$3<$B$3),"",IFERROR(SUMIFS(Expenses!$L$5:$L$104,Expenses!$D$5:$D$104,$A25,Expenses!$A$5:$A$104,">="&$B$3,Expenses!$A$5:$A$104,"<="&$E$3),0)) | C25: =IF(OR($B$3="",$E$3="",$E$3<$B$3),"",IFERROR(Assumptions!$B$15*((YEAR($E$3)-YEAR($B$3))*12+MONTH($E$3)-MONTH($B$3)+1),"")) | D25: =IF(OR(B25="",C25=""),"",IF(B25>C25,"Review","Within"))

Sheet Expenses
A1: Lawn Care Expense Records
A2: Yellow cells are editable. Total amount is calculated. | N2: Review threshold | O2: =Assumptions!B19
A4: Expense date | B4: Vendor | C4: Description | D4: Category | E4: Property or job | F4: Payment method | G4: Crew or equipment | H4: Quantity | I4: Unit | J4: Unit cost | K4: Tax or fees | L4: Total amount | M4: Status | N4: Receipt | O4: Notes
A5: 46274 | B5: Fictional Sunbeam Fuel Depot | C5: Fuel for mowing route | D5: Fuel | E5: Fictional Pinecone Commons | F5: Business Card | G5: Fictional Truck 2 | H5: 18.4 | I5: Gallons | J5: 3.49 | K5: 0 | L5: =IF(OR(A5="",D5="",H5="",J5=""),"",IFERROR(ROUND(H5*J5+IF(K5="",0,K5),2),"")) | M5: Paid | N5: Yes | O5: Routine field fuel purchase
A6: 46273 | B6: Fictional Mower Bench Repair | C6: Spindle and belt repair | D6: Equipment Repair | E6: Fictional Acorn Ridge | F6: Business Card | G6: Fictional Mower 4 | H6: 1 | I6: Each | J6: 286.5 | K6: 22.92 | L6: =IF(OR(A6="",D6="",H6="",J6=""),"",IFERROR(ROUND(H6*J6+IF(K6="",0,K6),2),"")) | M6: Unpaid | N6: No | O6: Review invoice and receipt
A7: 46271 | B7: Fictional Yard Goods Supply | C7: Mulch bags for bed refresh | D7: Supplies | E7: Fictional Bluebird Courtyard | F7: Business Card | G7: Fictional Crew A | H7: 8 | I7: Bags | J7: 12.75 | K7: 8.16 | L7: =IF(OR(A7="",D7="",H7="",J7=""),"",IFERROR(ROUND(H7*J7+IF(K7="",0,K7),2),"")) | M7: Paid | N7: Yes | O7: Installed during scheduled visit
A8: 46269 | B8: Fictional Crew Payroll Office | C8: Hourly field labor allocation | D8: Labor | E8: Fictional Willow Gate | F8: ACH | G8: Fictional Crew B | H8: 6.5 | I8: Hours | J8: 24 | K8: 0 | L8: =IF(OR(A8="",D8="",H8="",J8=""),"",IFERROR(ROUND(H8*J8+IF(K8="",0,K8),2),"")) | M8: Paid | N8: Not Needed | O8: Administrative labor expense entry
A9: 46267 | B9: Fictional Roadwise Service Shop | C9: Trailer tire replacement | D9: Vehicle | E9: Fictional Service Yard | F9: Business Card | G9: Fictional Trailer 3 | H9: 1 | I9: Each | J9: 89 | K9: 7.12 | L9: =IF(OR(A9="",D9="",H9="",J9=""),"",IFERROR(ROUND(H9*J9+IF(K9="",0,K9),2),"")) | M9: Paid | N9: Yes | O9: Single replacement tire
A10: 46263 | B10: Fictional Clean Load Transfer | C10: Green waste disposal | D10: Disposal | E10: Fictional Maple Lantern Homes | F10: Check | G10: Fictional Truck 1 | H10: 2 | I10: Loads | J10: 55 | K10: 0 | L10: =IF(OR(A10="",D10="",H10="",J10=""),"",IFERROR(ROUND(H10*J10+IF(K10="",0,K10),2),"")) | M10: Paid | N10: Yes | O10: Two disposal loads
A11: 46257 | B11: Fictional Evergreen Shield Insurance | C11: Monthly business coverage expense | D11: Insurance | E11: Fictional Main Office | F11: ACH | G11: Fictional Office Account | H11: 1 | I11: Months | J11: 500 | K11: 0 | L11: =IF(OR(A11="",D11="",H11="",J11=""),"",IFERROR(ROUND(H11*J11+IF(K11="",0,K11),2),"")) | M11: Paid | N11: Yes | O11: Expense record only
A12: 46250 | B12: Fictional Paper Sprout Office Supply | C12: Printer paper and folders | D12: Office | E12: Fictional Main Office | F12: Business Card | G12: Fictional Office Account | H12: 3 | I12: Each | J12: 18.5 | K12: 4.44 | L12: =IF(OR(A12="",D12="",H12="",J12=""),"",IFERROR(ROUND(H12*J12+IF(K12="",0,K12),2),"")) | M12: Paid | N12: Yes | O12: General office supplies
A13: 46240 | B13: Fictional Local Leaf Media | C13: Printed service flyers | D13: Marketing | E13: Fictional Northside Service Area | F13: Check | G13: Fictional Office Account | H13: 1 | I13: Each | J13: 145 | K13: 0 | L13: =IF(OR(A13="",D13="",H13="",J13=""),"",IFERROR(ROUND(H13*J13+IF(K13="",0,K13),2),"")) | M13: Unpaid | N13: Yes | O13: Verify payment status
A14: 46227 | B14: Fictional Tool Library Cooperative | C14: Short-term specialty tool use | D14: Other | E14: Fictional Cedar Loop | F14: Employee Reimbursement | G14: Fictional Crew C | H14: 0.5 | I14: Hours | J14: 60 | K14: 0 | L14: =IF(OR(A14="",D14="",H14="",J14=""),"",IFERROR(ROUND(H14*J14+IF(K14="",0,K14),2),"")) | M14: Reimbursable | N14: Yes | O14: Half-hour tool use charge
L15: =IF(OR(A15="",D15="",H15="",J15=""),"",IFERROR(ROUND(H15*J15+IF(K15="",0,K15),2),""))
L16: =IF(OR(A16="",D16="",H16="",J16=""),"",IFERROR(ROUND(H16*J16+IF(K16="",0,K16),2),""))
L17: =IF(OR(A17="",D17="",H17="",J17=""),"",IFERROR(ROUND(H17*J17+IF(K17="",0,K17),2),""))
L18: =IF(OR(A18="",D18="",H18="",J18=""),"",IFERROR(ROUND(H18*J18+IF(K18="",0,K18),2),""))
L19: =IF(OR(A19="",D19="",H19="",J19=""),"",IFERROR(ROUND(H19*J19+IF(K19="",0,K19),2),""))
L20: =IF(OR(A20="",D20="",H20="",J20=""),"",IFERROR(ROUND(H20*J20+IF(K20="",0,K20),2),""))
L21: =IF(OR(A21="",D21="",H21="",J21=""),"",IFERROR(ROUND(H21*J21+IF(K21="",0,K21),2),""))
L22: =IF(OR(A22="",D22="",H22="",J22=""),"",IFERROR(ROUND(H22*J22+IF(K22="",0,K22),2),""))
L23: =IF(OR(A23="",D23="",H23="",J23=""),"",IFERROR(ROUND(H23*J23+IF(K23="",0,K23),2),""))
L24: =IF(OR(A24="",D24="",H24="",J24=""),"",IFERROR(ROUND(H24*J24+IF(K24="",0,K24),2),""))
L25: =IF(OR(A25="",D25="",H25="",J25=""),"",IFERROR(ROUND(H25*J25+IF(K25="",0,K25),2),""))
L26: =IF(OR(A26="",D26="",H26="",J26=""),"",IFERROR(ROUND(H26*J26+IF(K26="",0,K26),2),""))
... L104: =IF(OR(A104="",D104="",H104="",J104=""),"",IFERROR(ROUND(H104*J104+IF(K104="",0,K104),2),""))

Sheet Assumptions
A1: Expense Assumptions and Lists
A2: Yellow cells are editable and control reports, lists, and review limits.
A3: Report start | B3: 46023 | D3: Report end | E3: 46275
A5: Expense category | B5: Monthly budget | D5: Payment method | F5: Unit | H5: Status | J5: Receipt
A6: Fuel | B6: 650 | D6: Business Card | F6: Each | H6: Paid | J6: Yes
A7: Equipment Repair | B7: 900 | D7: ACH | F7: Gallons | H7: Unpaid | J7: No
A8: Supplies | B8: 800 | D8: Check | F8: Hours | H8: Reimbursable | J8: Not Needed
A9: Labor | B9: 8500 | D9: Cash | F9: Bags
A10: Insurance | B10: 600 | D10: Employee Reimbursement | F10: Pounds
A11: Vehicle | B11: 700 | F11: Miles
A12: Office | B12: 250 | F12: Loads
A13: Marketing | B13: 400 | F13: Months
A14: Disposal | B14: 500
A15: Other | B15: 300
A18: Operating limit | B18: Editable value
A19: Expense review threshold | B19: 500
A20: Earliest allowed date | B20: 44197
A21: Latest allowed date | B21: 46640
A22: Minimum quantity | B22: 0.01
A23: Maximum quantity | B23: 100000
A24: Maximum unit cost | B24: 100000
A25: Maximum tax or fees | B25: 100000
